 Dungeon Crawl Stone Soup version 0.27-a0-1193-g8631133539 (webtiles) character file.

Game seed: 9443255759756524552

283 robertstho the Skirmisher (level 6, -6/82 HPs)
             Began as a Draconian Berserker on May 25, 2021.
             Was a Believer of Trog.
             Mangled by an ogre
             ... wielding a +0 giant club
              (11 damage)
             ... on level 4 of the Dungeon.
             The game lasted 00:03:10 (3105 turns).

robertstho the Skirmisher (Draconian Berserker)     Turns: 3105, Time: 00:03:11

Health: -6/82      AC: 23    Str: 21    XL:     6   Next: 7%
Magic:  6/6        EV:  2    Int:  8    God:    Trog [**....]
Gold:   88         SH:  0    Dex: 10    Spells: 5/5 levels left

rFire    . . .     SeeInvis .   a - +0 falchion
rCold    . . .     Faith    .   (no shield)
rNeg     + + +     Spirit   .   (armour unavailable)
rPois    +         Reflect  .   (helmet currently unavailable)
rElec    .         Harm     .   (cloak currently unavailable)
rCorr    .         Rampage  .   (gloves currently unavailable)
Will     .....     NoTele   +   (boots currently unavailable)
Stlth    ++........             (no amulet)
HPRegen  0.23/turn              (no ring)
MPRegen  0.10/turn              (no ring)

@: tree-form, on berserk cooldown, slowed, very slow
A: stationary, stasis, torment immunity, boosted hp, AC +6, unfitting armour,
(cold-blooded)
a: Renounce Religion, Berserk, Trog's Hand


You were on level 4 of the Dungeon.
You worshipped Trog.
Trog was pleased with you.
You were a tree.
You visited 1 branch of the dungeon, and saw 4 of its levels.

You collected 88 gold pieces.

Inventory:

Hand Weapons
 a - a +0 falchion (weapon)
Armour
 p - a +0 kite shield
Jewellery
 c - a ring of magical power
 k - a ring of poison resistance
 m - a ring of wizardry
 o - a ring of flight
Scrolls
 b - a scroll of vulnerability {unknown}
 g - a scroll of enchant armour {unknown}
 h - 2 scrolls of fear {unknown}
 i - a scroll of identify
Potions
 d - a potion of curing {unknown}
 e - a potion of haste {unknown}
 f - a potion of flight {unknown}
 j - a potion of lignification
 l - a potion of mutation {unknown}
 n - a potion of degeneration {unknown}


   Skills:
 * Level 4.9 Fighting
 + Level 4.5 Long Blades
 + Level 3.5 Dodging
 * Level 2.4 Stealth


You had 5 spell levels left.
You didn't know any spells.
Your spell library was empty.

Dungeon Overview and Level Annotations

Branches:
Dungeon (4/15)
 Temple: D:4-7

Altars:
Okawaru
Qazlal
Yredelemnul


Innate Abilities, Weirdness & Mutations

You are a tree.
Your roots penetrate the ground, keeping you stationary.
You cannot be teleported.
You are immune to unholy pain and torment.
Your maximum health is greatly increased.
Your equipment is partially melded.
((Your plain brown scales are hard. (AC +6)))
You cannot fit into any form of body armour.
((You are cold-blooded and may be slowed by cold attacks.))


Message History

You slash the ogre! You tail-slap the ogre!
The ogre is almost dead.
You are no longer berserk.
You are exhausted.
You feel yourself slow down.
The quokka bites you but does no damage.
The hound completely misses you.
You hit the ogre.
The ogre is almost dead.
The hound bites you.
The quokka bites you but does no damage.
The ogre misses you.
You riposte.
You hit the ogre but do no damage.
The ogre is almost dead.
The hound splashes around in the water.
The quokka closely misses you. The hound bites you.
The ogre hits you with a +0 giant club!
You closely miss the ogre.
The ogre is severely wounded.
The quokka closely misses you. The hound closely misses you.
The quokka misses you. The hound bites you but does no damage.
The ogre hits you with a +0 giant club!
* * * LOW HITPOINT WARNING * * *
The quokka closely misses you.
You riposte.
You completely miss the quokka. The hound misses you.
As you read the scroll labelled JUVVEU CEUSIO, it crumbles to dust.
It is a scroll of identify.
j - 2 potions of lignification The hound bites you but does no damage.
The quokka bites you.
* * * LOW HITPOINT WARNING * * *
The hound barely misses you.
The orc splashes around in the water.
The quokka closely misses you. The ogre misses you.
Really quaff the potion of lignification?
You turn into a tree.
Your roots penetrate the ground.
The hound bites you but does no damage.
The quokka bites you but does no damage.
The orc splashes around in the water.
The hound bites you.
* * * LOW HITPOINT WARNING * * *
The quokka bites you.
* * * LOW HITPOINT WARNING * * *
The ogre hits you with a +0 giant club!
You die...

##≈...≈≈..≈..≈≈
#≈≈..≈..≈..≈..≈≈
#≈≈..≈..≈⌠.≈...≈
#≈≈...≈$⌠≈..≈..≈
#≈≈≈..≈..≈..≈..≈
#≈≈≈..≈..≈≈...≈
#.≈..o.......#
#..≈≈rh......#
#.#....O♣......##
#...............#
##.###.....#.....#
..$...)...<.####.
##.###..........#
##...##.....#
##.## .....# #.#
.....# #.. ...##


You could see an ogre, a hound, an orc and a quokka.

Vanquished Creatures
  A black bear (D:3)
  An orc priest (D:3)
  2 orc wizards (D:3)
  4 adders
  A worm (D:2)
  A dart slug (D:2)
  10 orcs (D:3)
  2 bats
  3 endoplasms
  7 giant cockroaches
  3 goblins
  9 hobgoblins
  2 jackals (D:2)
  A quokka (D:1)
  5 ball pythons
  3 frilled lizards
  9 kobolds
  5 rats
69 creatures vanquished.

Notes
Turn   | Place    | Note
-------+----------+-------------------------------------------
     0 | D:1      | robertstho the Draconian Berserker began the quest for the
                  | Orb.
     0 | D:1      | Reached XP level 1. HP: 19/19 MP: 1/1
   406 | D:1      | Reached XP level 2. HP: 26/26 MP: 2/2
  1320 | D:2      | Reached XP level 3. HP: 30/33 MP: 3/3
  1489 | D:2      | Reached skill level 1 in Stealth
  2047 | D:2      | Reached XP level 4. HP: 39/40 MP: 4/4
  2068 | D:3      | Found a stormy altar of Qazlal.
  2089 | D:3      | Reached ** piety under Trog
  2192 | D:3      | Reached XP level 5. HP: 22/47 MP: 5/5
  2202 | D:3      | Found an iron altar of Okawaru.
  2461 | D:3      | Found a basalt altar of Yredelemnul.
  2474 | D:3      | Noticed a black bear
  2481 | D:3      | Killed a black bear
  2728 | D:3      | Found a faded altar of an unknown god.
  2778 | D:3      | Reached XP level 6. HP: 55/55 MP: 6/6
  3105 | D:4      | Mangled by an ogre

Illustrated notes

Levels and vault maps discovered:
D:1:      elethiomel_arrival_maze, layout_loops_ring
D:2:      layout_basic, minmay_heptomino_d4
D:3:      layout_rooms, lemuel_crystal_altar,
          chequers_temple_overflow_statue_of_worship,
          ebering_ecumenical_altar_box
D:4:      cheibrodos_helix_gallery, layout_loops_cross,
          minmay_temple_entry_mini_moons, minmay_diced_spiral,
          uniq_crazy_yiuf_cottage

Skill      XL: |  1  2  3  4  5 |
---------------+----------------+-----
Fighting       | 4 |  4.9
Dodging        | 3 |  3.5
Stealth        | 1 2 |  2.4
Long Blades    | 4 |  4.5

Action                   |  1- 3 |  4- 6 || total
-------------------------+-------+-------++-------
Melee: Falchion          |    91 |    96 ||   187
       Tailslap          |    14 |    11 ||    25
Invok: Berserk           |       |     5 ||     5
  Use: Scroll            |       |     1 ||     1
       Potion            |       |     1 ||     1
 Stab: Sleeping          |     2 |     1 ||     3
Armor: Skin              |    32 |    35 ||    67
Dodge: Dodged            |    51 |    81 ||   132
       Rpst.: Falchion   |    20 |    12 ||    32

Table legend: (Time is in decaauts)
 A = Elapsed time spent in this place.
 B = Non-inter-level travel time spent in this place.
 C = Inter-level travel time spent in this place.
 D = Time resting spent in this place.
 E = Time spent auto-exploring this place.
 F = Levels seen in this place.
 G = Mean time per level.
                   A        B        C        D        E       F      G
               +--------+--------+--------+--------+--------+-----+--------+
         Total |   3153 |   3091 |     62 |    376 |   2234 |   4 |  788.2 |
       Dungeon |   3153 |   3091 |     62 |    376 |   2234 |   4 |  788.2 |
               +--------+--------+--------+--------+--------+-----+--------+

Top non-repeatable levels by time:
     D:2: 1197 daAuts
     D:1: 1021 daAuts
     D:3: 908 daAuts
     D:4: 25 daAuts
